[Event "Oceania Zonal Open 2023"]
[Site "Melbourne"]
[Date "2023.01.26"]
[Round "6.12"]
[White "Rujevic, Mirko"]
[Black "Zhang, Kendrick Botong"]
[Result "1-0"]
[ECO "B23"]
[WhiteElo "2141"]
[BlackElo "1889"]
[Annotator "TA"]
[PlyCount "53"]
[EventDate "2023.01.09"]
[EventType "swiss"]
[EventCountry "AUS"]
[SourceTitle "playchess.com"]
[Source "ChessBase"]
[SourceQuality "1"]
[TimeControl "5400+30"]

1. e4 c5 2. Nc3 Nc6 3. Bc4 e6 4. f4 Nge7 5. d3 d5 6. Bb3 {[%emt 0:06:57] B23: Closed Sicilian: Lines without g3.} d4 7. Nce2 g6 8. Nf3 {[%emt 0:00:48] [#] White has an edge.} Bg7 $146 ({Predecessor:} 8... Na5 9. O-O Nxb3 10. axb3 Bg7 11. Bd2 b6 12. Qe1 Bb7 13. b4 f5 14. e5 h6 15. bxc5 bxc5 {0-1 Braun,D (1664)-Kues,M (1599) Oberpfalz-ch M2 2007 (2)}) 9. a3 O-O 10. O-O b6 11. Qe1 Bb7 12. Qh4 Nc8 {[%emt 0:02:52] [#]} (12... b5 $16) 13. Ng5 $1 $18 h6 {[%emt 0:10:35] [#]} 14. f5 $1 exf5 (14... hxg5 $2 15. Bxg5 Qd6 16. fxg6 fxg6 17. Rxf8+ Bxf8 18. Qh3 $18) 15. exf5 Ne5 (15... hxg5 $2 16. Bxg5 Qd6 17. f6 $18) 16. fxg6 {[%emt 0:05:52][%mdl 64] Remove Defender} Nxg6 17. Qh5 (17. Bxf7+ $2 {perishes.} Rxf7 18. Rxf7 hxg5 19. Qxg5 Qxg5 20. Rxg7+ Kxg7 $19) 17... Bd5 {[%emt 0:01:01] [#]} (17... hxg5 18. Qxg6 Bd5 19. Bxd5 (19. Qxg5 Qxg5 20. Bxg5 Bxb3 $16) 19... Qxd5 20. Qxg5 Qxg5 21. Bxg5 Nd6) 18. Nxf7 $1 {[%emt 0:00:40][%mdl 576] Remove Defender, X-Ray Attack} Bxf7 19. Rxf7 {[%emt 0:00:26][%mdl 64] Remove Defender. Black is weak on the light squares} Rxf7 20. Qxg6 {[%emt 0:00:16][%mdl 64] Pin} Nd6 (20... Qf6 21. Qxf6 (21. Bxf7+ Qxf7 22. Qc6 Rb8 $18) 21... Bxf6) 21. Bd5 {[%emt 0:02:14][%mdl 64] Pin} (21. Bxf7+ Nxf7 22. Bd2 Qf6 $16) (21. Bxh6 c4 $18) 21... Rc8 22. Bxh6 (22. Bxf7+ Nxf7 23. Qg4 Ne5 24. Qe6+ Kh7 $16) (22. Bf4 $142) 22... Qf8 $2 (22... Qf6 23. Qxf6 (23. Bxf7+ Nxf7 24. Qxg7+ Qxg7 $18) 23... Bxf6) 23. Bxg7 {[%emt 0:00:32][%mdl 64] Deflection. White is clearly winning.} Qxg7 24. Qxd6 Rcf8 25. Rf1 Kh8 26. Bxf7 Rxf7 27. Qd8+ {[%emt 0:00:58] Black got outplayed after the opening. Ingenious play by Rujevic!   Weighted Error Value: White=0.57/Black=0.74} 1-0

[Event "Oceania Zonal Open 2023"]
[Site "Melbourne"]
[Date "2023.01.26"]
[Round "6.12"]
[White "Dowden, R.A. Tony"]
[Black "O'Carroll, Jeremy"]
[Result "1/2-1/2"]
[ECO "A36"]
[WhiteElo "1981"]
[BlackElo "2068"]
[Annotator "TA"]
[PlyCount "63"]
[EventDate "2023.01.09"]
[EventType "swiss"]
[EventCountry "AUS"]
[SourceTitle "playchess.com"]
[Source "ChessBase"]
[SourceQuality "1"]
[TimeControl "5400+30"]

1. c4 g6 2. Nc3 Bg7 3. g3 c5 4. Bg2 Nc6 5. e4 a6 6. d3 b5 {[%emt 0:00:53][%cal Bb7b5,Bb5b4][%mdl 32] A36: Symmetrical English vs ...g6: 4 Bg2 Bg7.} 7. Nge2 Rb8 8. Rb1 b4 {[%emt 0:02:01] [#] Black has an edge.} 9. Na4 $146 ({Predecessor:} 9. Nd5 e6 10. Ne3 Nge7 11. O-O Qa5 12. Qb3 d6 13. Bd2 Bd7 14. a3 Qc7 15. Qd1 {0-1 Larand,M-Garrido,D (2255) Bordeaux op 1997 (3)}) 9... d6 10. b3 e5 11. h4 Bg4 12. f3 Be6 13. Be3 h5 14. Bh3 Bxh3 15. Rxh3 Qd7 16. Rh2 Bh6 17. Bxh6 Nxh6 18. Qd2 Kd8 19. Kd1 Kc7 20. Kc2 Ng8 21. Nb2 Nge7 22. Nd1 a5 23. Ne3 {[%emt 0:00:12] [#]} a4 $1 24. Nd5+ (24. Kd1 Ra8) 24... Nxd5 25. cxd5 Na7 26. Rf2 (26. Kd1 $142) 26... Nb5 {[%emt 0:01:37] And now ...Na3+ would win.} 27. Kd1 Ra8 28. f4 axb3 29. axb3 {[%emt 0:00:14] [#]} Qg4 (29... f6 $1 $17 {...Qh3 is the strong threat.} 30. Ke1 Kb6) 30. Ke1 $2 {[%emt 0:03:33] [#]} (30. Rc1 $1 $11 {and White stays safe.} f6 31. fxe5 fxe5 32. Qxb4) 30... Nd4 $1 $19 {[%emt 0:03:39] Hoping for ...Nf3+.} 31. Nxd4 (31. fxe5 $142 Nf3+ 32. Rxf3 Qxf3 33. Rc1) 31... exd4 32. Rg2 {[%emt 0:03:04][%mdl 32768] Weighted Error Value: White=0.26 (precise) /Black=0.12 (very precise) . An unexpected result.} 1/2-1/2